Login

Riots vs Chiefs

Created - May 5, 2024 at 11:46

Goals
1 2 3 T
Riots 1 1 0 2
Chiefs 0 1 0 1
Shots
1 2 3 T
Riots 8 10 5 23
Chiefs 10 18 18 46

GoalsPenalties
1st period
1. Riots , Velyki Hospador 45 (Brandon Hagel 22, Derek Forbort 19) at 3:59
Brayden McNabb (RIV) for Charging (Minor) at 4:25
2nd period
2. Chiefs , Curtis Lazar 2 (Leon Draisaitl 59, Drew Doughty 23) at 1:37
3. Riots , Velyki Hospador 46 (Cole Caufield 19, Brandon Hagel 23) at 2:28
Rasmus Ristolainen (RIV) for Charging (Double Minor) at 3:29
Dave Hunt (GLA) for Cross-checking (Minor) at 5:04
Vincent Desharnais (GLA) for Hooking (Minor) at 5:45
Velyki Hospador (RIV) for Tripping (Minor) at 5:45
Max Pacioretty (RIV) for Hooking (Minor) at 9:22
3rd period
No Goal
Arber Xhekaj (RIV) for Holding (Minor) at 1:42
Seth Jones (RIV) for Holding (Minor) at 18:22
Goalie Stats
Marc-Andre Fleury (RIV), 45 saves from 46 shots - (0.978), W, 41-20-9, 60:00 minutes
Stuart Skinner (GLA), 21 saves from 23 shots - (0.913), L, 45-27-7, 58:37 minutes
3 StarsOfficial
1 - Marc-Andre Fleury (RIV)
2 - Velyki Hospador (RIV)
3 - Brandon Hagel (RIV)
Referees : Unknown
Linesman : Unknown
Game Note
No Game Note
Finance
Level 1 -- Attendance: 4559 (75.98%) -- Ticket Income $455,900
Level 2 -- Attendance: 3698 (73.96%) -- Ticket Income $221,880
Level 3 -- Attendance: 1530 (76.50%) -- Ticket Income $53,550
Level 4 -- Attendance: 3289 (82.23%) -- Ticket Income $82,225
Luxury Box -- Attendance: 1000 (100.00%) -- Ticket Income $200,000
Game was played at the The Haggis.
Total Attendance: 14076 (78.20%)
Total Ticket Income: $1,013,555
Other Income: $405,422
Total Income: $1,418,977



Team Name Goals Shots Shots Attemp Shots Blocked PIM HIT PP PK FO%
Riots 223541614290 / 1 (0%)043%
Chiefs 1469184150 / 6 (0%)057%

Riots
Player Name POS G A P +/- PIM HIT SHT SB MP PP MP PP SHT PK MP PK SHT FO% FOT
Anders LeeLW0000000016:390:0000:00033% 3
Andreas AthanasiouC/LW/RW000-1002112:330:0000:0000% 0
Arber XhekajD000024007:590:0000:0000% 0
Artturi LehkonenLW/RW0000003023:100:0005:24075% 4
Brandon HagelLW0222012016:530:0003:450100% 1
Brayden McNabbD0000210319:060:0004:2500% 0
Brendan GallagherRW000000006:250:0000:0000% 0
Cole CaufieldRW0112002013:080:0000:0000% 2
Derek ForbortD0112030218:090:0005:3900% 0
Jakob ChychrunD000-1030115:270:0000:0100% 0
Jean-Gabriel PageauC000-1034018:580:0005:25059% 29
Kirby DachC0000031017:210:0000:00029% 21
Lars EllerC/LW000001006:490:0000:24029% 7
Max PaciorettyLW000-1230013:060:0000:0000% 1
Noah DobsonD0000000518:020:0002:3300% 0
Rasmus RistolainenD000-1411117:250:0002:5900% 0
Seth JonesD0002221323:480:0003:3100% 0
Velyki HospadorC/LW2022247022:420:0003:45038% 26
Chiefs
Player Name POS G A P +/- PIM HIT SHT SB MP PP MP PP SHT PK MP PK SHT FO% FOT
Brad MarchandLW0000010014:450:0000:0000% 1
Brandon DavidsonD000000003:270:3400:0000% 0
Casey CizikasC0000001115:000:4700:00083% 18
Curtis LazarC/RW101101105:430:0000:0000% 0
Dave HuntLW/RW000-2237018:585:2810:0000% 3
Drew DoughtyD0110000015:530:0000:0000% 0
Frank VatranoLW/RW0000003014:130:0000:0000% 1
Ivan ProvorovD0000040324:515:2800:0000% 0
Jake DeBruskLW/RW0000033018:524:0720:0000% 1
Jake MuzzinD0000010113:290:0000:0000% 0
Jordan EberleRW000100207:000:0000:0000% 0
Leon DraisaitlC/LW011-1006026:456:0910:00063% 43
Marc-Edouard VlasicD000-1014325:515:5730:0000% 0
Max DomiC/LW/RW0000012017:182:3300:00047% 17
Miro HeiskanenD000-1001018:473:4100:0000% 0
Reilly SmithRW0000004017:432:1310:00075% 4
Ryan Nugent-HopkinsC/LW000-20010021:026:0940:00017% 6
Vincent DesharnaisD0000202017:412:3800:0000% 0

Riots

5 vs 5 Forward
Line #Left WingCenterRight WingPHYDFOFWanted %Time %Time Play
1Brandon HagelVelyki HospadorCole Caufield1223026%12:34
2Anders LeeKirby DachArtturi Lehkonen1222835%16:39
3Max PaciorettyJean-Gabriel PageauAndreas Athanasiou1222626%12:33
4Velyki HospadorLars EllerBrendan Gallagher1221613%6:25
5 vs 5 Defense
Line #DefenseDefensePHYDFOFWanted %Time %Time Play
1Derek ForbortSeth Jones1223026%12:30
2Rasmus RistolainenJakob Chychrun1222830%14:27
3Brayden McNabbNoah Dobson1222630%14:30
4Arber XhekajSeth Jones1221614%6:44
Power Play Forward
Line #Left WingCenterRight WingPHYDFOFWanted %Time %Time Play
1Anders LeeVelyki HospadorCole Caufield122550%0:00
2Brandon HagelVelyki HospadorArtturi Lehkonen122450%0:00
Power Play Defense
Line #DefenseDefensePHYDFOFWanted %Time %Time Play
1Seth JonesJakob Chychrun122550%0:00
2Noah DobsonRasmus Ristolainen122450%0:00
Penalty Kill 4 Players Forward
Line #CenterWingPHYDFOFWanted %Time %Time Play
1Jean-Gabriel PageauArtturi Lehkonen1225559%5:24
2Velyki HospadorBrandon Hagel1224541%3:45
Penalty Kill 4 Players Defense
Line #DefenseDefensePHYDFOFWanted %Time %Time Play
1Derek ForbortBrayden McNabb1225557%5:15
2Seth JonesRasmus Ristolainen1224543%3:54
Penalty Kill 3 Players
Line #WingPHYDFOFWanted %Time %Time PlayDefenseDefensePHYDFOFWanted %Time %Time Play
1Jean-Gabriel Pageau122554%0:01 Derek ForbortBrayden McNabb1225596%0:24
2Lars Eller1224596%0:24 Seth JonesJakob Chychrun122454%0:01
4 vs 4 Forward
Line #CenterWingPHYDFOFWanted %Time %Time Play
1Velyki HospadorArtturi Lehkonen1225575%1:41
2Cole CaufieldBrandon Hagel1224525%0:34
4 vs 4 Defense
Line #DefensePHYDFOFWanted %Time %Time Play
1Jakob ChychrunNoah Dobson1225544%55% - 0:59
2Seth JonesRasmus Ristolainen1224556%45% - 1:16
Last Minutes Offensive
Left WingCenterRight WingDefenseDefense
Artturi LehkonenVelyki HospadorCole CaufieldSeth JonesJakob Chychrun
Last Minutes Defensive
Left WingCenterRight WingDefenseDefense
Brandon HagelJean-Gabriel PageauAndreas AthanasiouDerek ForbortRasmus Ristolainen
Time
Total ForwardTotal DefenseLast Minutes OffensiveLast Minutes Defensive
60:00 60:00 0:000:00
Extra Forwards
Normal PowerPlayPenalty Kill
Jean-Gabriel Pageau, Anders Lee, Max PaciorettyJean-Gabriel Pageau, Artturi LehkonenArtturi Lehkonen
Extra Defensemen
Normal PowerPlayPenalty Kill
Arber Xhekaj, Noah Dobson, Brayden McNabbArber Xhekaj, Noah DobsonJakob Chychrun
Penalty Shots
Velyki Hospador, Artturi Lehkonen, Cole Caufield, Brandon Hagel, Jean-Gabriel Pageau
Goalie
Marc-Andre Fleury, Kevin Lankinen
Custom OT Lines Forwards
Velyki Hospador, Artturi Lehkonen, Cole Caufield, Brandon Hagel, Anders Lee, Jean-Gabriel Pageau, Max Pacioretty, Andreas Athanasiou, Brendan Gallagher, Lars Eller
Custom OT Lines Defensemen
Derek Forbort, Rasmus Ristolainen, Seth Jones, Jakob Chychrun, Brayden McNabb
Scratches
Rasmus Kupari (Healthy), Jakob Silfverberg (Healthy), Kyle Capobianco (Healthy)

Chiefs

5 vs 5 Forward
Line #Left WingCenterRight WingPHYDFOFWanted %Time %Time Play
1Ryan Nugent-HopkinsLeon DraisaitlDave Hunt1223028%13:30
2Brad MarchandMax DomiJake DeBrusk1222831%14:45
3Frank VatranoCasey CizikasReilly Smith1222630%14:13
4Curtis LazarLeon DraisaitlJordan Eberle1221612%5:43
5 vs 5 Defense
Line #DefenseDefensePHYDFOFWanted %Time %Time Play
1Jake MuzzinIvan Provorov1223028%13:29
2Marc-Edouard VlasicMiro Heiskanen1222828%13:25
3Vincent DesharnaisDrew Doughty1222633%15:53
4Marc-Edouard VlasicIvan Provorov1221611%5:24
Power Play Forward
Line #Left WingCenterRight WingPHYDFOFWanted %Time %Time Play
1Ryan Nugent-HopkinsLeon DraisaitlDave Hunt1225554%4:56
2Leon DraisaitlRyan Nugent-HopkinsJake DeBrusk1224546%4:13
Power Play Defense
Line #DefenseDefensePHYDFOFWanted %Time %Time Play
1Marc-Edouard VlasicIvan Provorov1225560%5:28
2Marc-Edouard VlasicMiro Heiskanen1224540%3:41
Penalty Kill 4 Players Forward
Line #CenterWingPHYDFOFWanted %Time %Time Play
1Leon DraisaitlRyan Nugent-Hopkins122550%0:00
2Dave HuntLeon Draisaitl122450%0:00
Penalty Kill 4 Players Defense
Line #DefenseDefensePHYDFOFWanted %Time %Time Play
1Marc-Edouard VlasicIvan Provorov122550%0:00
2Marc-Edouard VlasicMiro Heiskanen122450%0:00
Penalty Kill 3 Players
Line #WingPHYDFOFWanted %Time %Time PlayDefenseDefensePHYDFOFWanted %Time %Time Play
1Leon Draisaitl122550%0:00 Marc-Edouard VlasicIvan Provorov122550%0:00
2Ryan Nugent-Hopkins122450%0:00 Marc-Edouard VlasicMiro Heiskanen122450%0:00
4 vs 4 Forward
Line #CenterWingPHYDFOFWanted %Time %Time Play
1Leon DraisaitlRyan Nugent-Hopkins1225552%1:23
2Dave HuntRyan Nugent-Hopkins1224548%1:17
4 vs 4 Defense
Line #DefensePHYDFOFWanted %Time %Time Play
1Marc-Edouard VlasicIvan Provorov1225537%55% - 0:59
2Marc-Edouard VlasicMiro Heiskanen1224563%45% - 1:41
Last Minutes Offensive
Left WingCenterRight WingDefenseDefense
Ryan Nugent-HopkinsLeon DraisaitlDave HuntJake MuzzinIvan Provorov
Last Minutes Defensive
Left WingCenterRight WingDefenseDefense
Ryan Nugent-HopkinsLeon DraisaitlDave HuntJake MuzzinIvan Provorov
Time
Total ForwardTotal DefenseLast Minutes OffensiveLast Minutes Defensive
60:00 60:00 0:000:00
Extra Forwards
Normal PowerPlayPenalty Kill
Leon Draisaitl, Reilly Smith, Jordan EberleLeon Draisaitl, Reilly SmithJordan Eberle
Extra Defensemen
Normal PowerPlayPenalty Kill
Vincent Desharnais, Ivan Provorov, Marc-Edouard VlasicVincent Desharnais, Ivan ProvorovMarc-Edouard Vlasic
Penalty Shots
Leon Draisaitl, Ryan Nugent-Hopkins, Dave Hunt, Reilly Smith, Jake DeBrusk
Goalie
Stuart Skinner, Cam Talbot
Custom OT Lines Forwards
Leon Draisaitl, Ryan Nugent-Hopkins, Dave Hunt, Max Domi, Jake DeBrusk, Brad Marchand, Reilly Smith, Jordan Eberle, Casey Cizikas, Frank Vatrano
Custom OT Lines Defensemen
Jake Muzzin, Ivan Provorov, Marc-Edouard Vlasic, Miro Heiskanen, Vincent Desharnais
Scratches
Josh Bailey (Healthy), Jesse Puljujarvi (Bruised Left Foot Injury)


Play-by-Play

1st period


0:01 of 1st period - Leon Draisaitl wins face-off versus Velyki Hospador in neutral zone.
0:12 of 1st period - Derek Forbort is hit by Dave Hunt and loses puck.
0:27 of 1st period - Shot by Leon Draisaitl.
0:27 of 1st period - Stopped by Marc-Andre Fleury without a rebound.
0:28 of 1st period - Max Domi wins face-off versus Kirby Dach in Riots zone.
0:35 of 1st period - Shot by Kirby Dach.
0:35 of 1st period - Shot Misses the Net.
0:37 of 1st period - Shot by Rasmus Ristolainen.
0:37 of 1st period - Shot Misses the Net.
0:39 of 1st period - Shot by Kirby Dach.
0:39 of 1st period - Shot Misses the Net.
0:51 of 1st period - Shot by Artturi Lehkonen.
0:51 of 1st period - Deflect By Kirby Dach.
0:51 of 1st period - Stopped by Stuart Skinner without a rebound.
0:52 of 1st period - Jean-Gabriel Pageau wins face-off versus Casey Cizikas in Chiefs zone.
0:57 of 1st period - Shot by Jean-Gabriel Pageau.
0:57 of 1st period - Deflect By Max Pacioretty.
0:57 of 1st period - Shot Misses the Net.
1:49 of 1st period - Shot by Jordan Eberle.
1:49 of 1st period - Stopped by Marc-Andre Fleury without a rebound.
1:50 of 1st period - Max Domi wins face-off versus Lars Eller in Riots zone.
2:28 of 1st period - Lars Eller is hit by Brad Marchand and loses puck.
2:39 of 1st period - Shot by Ryan Nugent-Hopkins.
2:39 of 1st period - Shot Misses the Net.
2:41 of 1st period - Shot by Ryan Nugent-Hopkins.
2:41 of 1st period - Stopped by Marc-Andre Fleury without a rebound.
2:42 of 1st period - Anders Lee wins face-off versus Leon Draisaitl in Riots zone.
2:42 of 1st period - Anders Lee is hit by Curtis Lazar.
2:51 of 1st period - Off-side.
2:52 of 1st period - Kirby Dach wins face-off versus Dave Hunt in neutral zone.
3:21 of 1st period - Shot by Artturi Lehkonen.
3:21 of 1st period - Shot Blocked by Marc-Edouard Vlasic.
3:23 of 1st period - Shot by Jakob Chychrun.
3:23 of 1st period - Shot Misses the Net.
3:57 of 1st period - Shot by Brandon Hagel.
3:57 of 1st period - Shot Blocked by Marc-Edouard Vlasic.
3:59 of 1st period - Shot by Velyki Hospador.
3:59 of 1st period - Goal by Velyki Hospador - Riots : 1 - Chiefs : 0.
4:00 of 1st period - Casey Cizikas wins face-off versus Max Pacioretty in neutral zone.
4:00 of 1st period - Drew Doughty is hit by Jean-Gabriel Pageau.
4:23 of 1st period - Casey Cizikas is hit by Brayden McNabb and loses puck.
4:25 of 1st period - Minor Penalty to Brayden McNabb for Charging.
4:26 of 1st period - Artturi Lehkonen wins face-off versus Ryan Nugent-Hopkins in Riots zone.
4:41 of 1st period - Shot by Ryan Nugent-Hopkins.
4:41 of 1st period - Shot Blocked by Noah Dobson.
7:30 of 1st period - Shot by Frank Vatrano.
7:30 of 1st period - Shot Misses the Net.
7:32 of 1st period - Shot by Casey Cizikas.
7:32 of 1st period - Stopped by Marc-Andre Fleury without a rebound.
7:33 of 1st period - Casey Cizikas wins face-off versus Kirby Dach in Riots zone.
8:38 of 1st period - Shot by Velyki Hospador.
8:38 of 1st period - Shot Misses the Net.
9:45 of 1st period - Icing by Marc-Edouard Vlasic.
9:46 of 1st period - Max Domi wins face-off versus Anders Lee in Chiefs zone.
9:48 of 1st period - Icing by Miro Heiskanen.
9:49 of 1st period - Kirby Dach wins face-off versus Max Domi in Chiefs zone.
9:50 of 1st period - Shot by Anders Lee.
9:50 of 1st period - Deflect By Artturi Lehkonen.
9:50 of 1st period - Stopped by Stuart Skinner without a rebound.
9:51 of 1st period - Leon Draisaitl wins face-off versus Kirby Dach in Chiefs zone.
9:51 of 1st period - Leon Draisaitl is hit by Kirby Dach.
10:13 of 1st period - Shot by Ryan Nugent-Hopkins.
10:13 of 1st period - Stopped by Marc-Andre Fleury with a rebound.
10:21 of 1st period - Shot by Dave Hunt.
10:21 of 1st period - Shot Misses the Net.
10:23 of 1st period - Shot by Drew Doughty.
10:23 of 1st period - Deflect By Leon Draisaitl.
10:23 of 1st period - Shot Misses the Net.
10:25 of 1st period - Shot by Vincent Desharnais.
10:25 of 1st period - Shot Blocked by Noah Dobson.
11:45 of 1st period - Curtis Lazar is hit by Brandon Hagel and loses puck.
11:58 of 1st period - Shot by Brandon Hagel.
11:58 of 1st period - Stopped by Stuart Skinner without a rebound.
11:59 of 1st period - Casey Cizikas wins face-off versus Lars Eller in Chiefs zone.
12:19 of 1st period - Off-side.
12:20 of 1st period - Leon Draisaitl wins face-off versus Kirby Dach in neutral zone.
12:29 of 1st period - Ryan Nugent-Hopkins is hit by Kirby Dach.
12:43 of 1st period - Shot by Leon Draisaitl.
12:43 of 1st period - Stopped by Marc-Andre Fleury without a rebound.
12:44 of 1st period - Casey Cizikas wins face-off versus Jean-Gabriel Pageau in Riots zone.
12:58 of 1st period - Shot by Frank Vatrano.
12:58 of 1st period - Deflect By Reilly Smith.
12:58 of 1st period - Stopped by Marc-Andre Fleury without a rebound.
12:59 of 1st period - Velyki Hospador wins face-off versus Dave Hunt in Riots zone.
13:04 of 1st period - Shot by Velyki Hospador.
13:04 of 1st period - Stopped by Stuart Skinner without a rebound.
13:05 of 1st period - Velyki Hospador wins face-off versus Max Domi in Chiefs zone.
13:28 of 1st period - Shot by Velyki Hospador.
13:28 of 1st period - Shot Misses the Net.
13:30 of 1st period - Shot by Brandon Hagel.
13:30 of 1st period - Shot Misses the Net.
13:46 of 1st period - Shot by Cole Caufield.
13:46 of 1st period - Stopped by Stuart Skinner without a rebound.
13:47 of 1st period - Jean-Gabriel Pageau wins face-off versus Dave Hunt in Chiefs zone.
14:09 of 1st period - Icing by Drew Doughty.
14:10 of 1st period - Leon Draisaitl wins face-off versus Anders Lee in Chiefs zone.
14:21 of 1st period - Shot by Ryan Nugent-Hopkins.
14:21 of 1st period - Shot Blocked by Noah Dobson.
14:23 of 1st period - Shot by Vincent Desharnais.
14:23 of 1st period - Stopped by Marc-Andre Fleury without a rebound.
14:24 of 1st period - Casey Cizikas wins face-off versus Velyki Hospador in Riots zone.
15:21 of 1st period - Shot by Dave Hunt.
15:21 of 1st period - Shot Misses the Net.
16:24 of 1st period - Shot by Andreas Athanasiou.
16:24 of 1st period - Stopped by Stuart Skinner with a rebound.
16:26 of 1st period - Shot by Rasmus Ristolainen.
16:26 of 1st period - Stopped by Stuart Skinner without a rebound.
16:27 of 1st period - Casey Cizikas wins face-off versus Lars Eller in Chiefs zone.
16:27 of 1st period - Casey Cizikas is hit by Velyki Hospador.
16:48 of 1st period - Brendan Gallagher is hit by Ivan Provorov and loses puck.
17:03 of 1st period - Shot by Frank Vatrano.
17:03 of 1st period - Stopped by Marc-Andre Fleury without a rebound.
17:04 of 1st period - Jean-Gabriel Pageau wins face-off versus Leon Draisaitl in Riots zone.
17:31 of 1st period - Shot by Leon Draisaitl.
17:31 of 1st period - Shot Blocked by Andreas Athanasiou.
18:01 of 1st period - Shot by Max Domi.
18:01 of 1st period - Shot Misses the Net.
18:03 of 1st period - Shot by Max Domi.
18:03 of 1st period - Stopped by Marc-Andre Fleury without a rebound.
18:04 of 1st period - Velyki Hospador wins face-off versus Casey Cizikas in Riots zone.
18:22 of 1st period - Shot by Velyki Hospador.
18:22 of 1st period - Shot Misses the Net.
18:24 of 1st period - Shot by Brandon Hagel.
18:24 of 1st period - Shot Misses the Net.
18:26 of 1st period - Shot by Seth Jones.
18:26 of 1st period - Shot Blocked by Ivan Provorov.
18:28 of 1st period - Shot by Velyki Hospador.
18:28 of 1st period - Shot Blocked by Ivan Provorov.
18:35 of 1st period - Velyki Hospador is hit by Jake Muzzin and loses puck.
18:40 of 1st period - Shot by Brandon Hagel.
18:40 of 1st period - Shot Blocked by Casey Cizikas.
18:42 of 1st period - Shot by Seth Jones.
18:42 of 1st period - Shot Misses the Net.
18:44 of 1st period - Shot by Velyki Hospador.
18:44 of 1st period - Shot Misses the Net.
18:46 of 1st period - Shot by Brandon Hagel.
18:46 of 1st period - Shot Blocked by Ivan Provorov.
18:53 of 1st period - Icing by Frank Vatrano.
18:54 of 1st period - Casey Cizikas wins face-off versus Kirby Dach in Chiefs zone.
19:40 of 1st period - Dave Hunt is hit by Kirby Dach.
Goals for this period are 1 for Riots vs 0 for Chiefs.
Shots for this period are 8 for Riots vs 10 for Chiefs.

2nd period


0:01 of 2nd period - Velyki Hospador wins face-off versus Jake DeBrusk in neutral zone.
0:01 of 2nd period - Brandon Hagel is hit by Jake DeBrusk and loses puck.
0:37 of 2nd period - Velyki Hospador is hit by Ivan Provorov and loses puck.
1:14 of 2nd period - Shot by Jean-Gabriel Pageau.
1:14 of 2nd period - Deflect By Andreas Athanasiou.
1:14 of 2nd period - Shot Misses the Net.
1:35 of 2nd period - Shot by Leon Draisaitl.
1:35 of 2nd period - Stopped by Marc-Andre Fleury with a rebound.
1:37 of 2nd period - Shot by Curtis Lazar.
1:37 of 2nd period - Goal by Curtis Lazar - Riots : 1 - Chiefs : 1.
1:38 of 2nd period - Casey Cizikas wins face-off versus Kirby Dach in neutral zone.
1:54 of 2nd period - Icing by Ivan Provorov.
1:55 of 2nd period - Casey Cizikas wins face-off versus Velyki Hospador in Chiefs zone.
1:55 of 2nd period - Casey Cizikas is hit by Velyki Hospador.
2:00 of 2nd period - Off-side.
2:01 of 2nd period - Velyki Hospador wins face-off versus Leon Draisaitl in neutral zone.
2:06 of 2nd period - Shot by Velyki Hospador.
2:06 of 2nd period - Shot Misses the Net.
2:28 of 2nd period - Shot by Velyki Hospador.
2:28 of 2nd period - Goal by Velyki Hospador - Riots : 2 - Chiefs : 1.
2:29 of 2nd period - Max Domi wins face-off versus Kirby Dach in neutral zone.
2:35 of 2nd period - Brad Marchand is hit by Jakob Chychrun and loses puck.
2:43 of 2nd period - Jake DeBrusk is hit by Rasmus Ristolainen and loses puck.
2:46 of 2nd period - Shot by Miro Heiskanen.
2:46 of 2nd period - Shot Misses the Net.
3:24 of 2nd period - Shot by Leon Draisaitl.
3:24 of 2nd period - Shot Blocked by Rasmus Ristolainen.
3:26 of 2nd period - Shot by Dave Hunt.
3:26 of 2nd period - Shot Misses the Net.
3:28 of 2nd period - Shot by Ryan Nugent-Hopkins.
3:28 of 2nd period - Shot Misses the Net.
3:29 of 2nd period - Double Minor Penalty to Rasmus Ristolainen for Charging.
3:30 of 2nd period - Leon Draisaitl wins face-off versus Velyki Hospador in Riots zone.
3:37 of 2nd period - Shot by Leon Draisaitl.
3:37 of 2nd period - Shot Misses the Net.
3:39 of 2nd period - Shot by Marc-Edouard Vlasic.
3:39 of 2nd period - Stopped by Marc-Andre Fleury without a rebound.
3:40 of 2nd period - Leon Draisaitl wins face-off versus Velyki Hospador in Riots zone.
3:49 of 2nd period - Shot by Ryan Nugent-Hopkins.
3:49 of 2nd period - Deflect By Dave Hunt.
3:49 of 2nd period - Stopped by Marc-Andre Fleury without a rebound.
3:50 of 2nd period - Leon Draisaitl wins face-off versus Jean-Gabriel Pageau in Riots zone.
4:07 of 2nd period - Shot by Ryan Nugent-Hopkins.
4:07 of 2nd period - Shot Misses the Net.
4:09 of 2nd period - Shot by Marc-Edouard Vlasic.
4:09 of 2nd period - Stopped by Marc-Andre Fleury without a rebound.
4:10 of 2nd period - Velyki Hospador wins face-off versus Ryan Nugent-Hopkins in Riots zone.
4:27 of 2nd period - Shot by Ryan Nugent-Hopkins.
4:27 of 2nd period - Stopped by Marc-Andre Fleury with a rebound.
4:37 of 2nd period - Shot by Leon Draisaitl.
4:37 of 2nd period - Shot Misses the Net.
4:39 of 2nd period - Shot by Ivan Provorov.
4:39 of 2nd period - Shot Misses the Net.
4:41 of 2nd period - Shot by Leon Draisaitl.
4:41 of 2nd period - Shot Misses the Net.
5:04 of 2nd period - Minor Penalty to Dave Hunt for Cross-checking.
5:05 of 2nd period - Leon Draisaitl wins face-off versus Velyki Hospador in Chiefs zone.
5:17 of 2nd period - Leon Draisaitl is hit by Arber Xhekaj and loses puck.
5:45 of 2nd period - Minor Penalty to Vincent Desharnais for Hooking.
5:45 of 2nd period - Minor Penalty to Velyki Hospador for Tripping.
5:46 of 2nd period - Reilly Smith wins face-off versus Cole Caufield in Chiefs zone.
5:58 of 2nd period - Shot by Brandon Hagel.
5:58 of 2nd period - Shot Misses the Net.
6:06 of 2nd period - Shot by Jordan Eberle.
6:06 of 2nd period - Shot Misses the Net.
6:08 of 2nd period - Shot by Jordan Eberle.
6:08 of 2nd period - Shot Blocked by Noah Dobson.
6:10 of 2nd period - Shot by Reilly Smith.
6:10 of 2nd period - Shot Misses the Net.
6:14 of 2nd period - Shot by Reilly Smith.
6:14 of 2nd period - Stopped by Marc-Andre Fleury without a rebound.
6:15 of 2nd period - Jean-Gabriel Pageau wins face-off versus Leon Draisaitl in Riots zone.
6:26 of 2nd period - Shot by Artturi Lehkonen.
6:26 of 2nd period - Stopped by Stuart Skinner without a rebound.
6:27 of 2nd period - Jean-Gabriel Pageau wins face-off versus Leon Draisaitl in Chiefs zone.
6:40 of 2nd period - Shot by Artturi Lehkonen.
6:40 of 2nd period - Stopped by Stuart Skinner without a rebound.
6:41 of 2nd period - Reilly Smith wins face-off versus Jean-Gabriel Pageau in Chiefs zone.
6:57 of 2nd period - Shot by Artturi Lehkonen.
6:57 of 2nd period - Shot Misses the Net.
7:07 of 2nd period - Shot by Lars Eller.
7:07 of 2nd period - Shot Blocked by Marc-Edouard Vlasic.
7:33 of 2nd period - Shot by Ryan Nugent-Hopkins.
7:33 of 2nd period - Stopped by Marc-Andre Fleury without a rebound.
7:34 of 2nd period - Jean-Gabriel Pageau wins face-off versus Leon Draisaitl in Riots zone.
7:43 of 2nd period - Shot by Artturi Lehkonen.
7:43 of 2nd period - Deflect By Jean-Gabriel Pageau.
7:43 of 2nd period - Stopped by Stuart Skinner without a rebound.
7:44 of 2nd period - Leon Draisaitl wins face-off versus Jean-Gabriel Pageau in Chiefs zone.
8:08 of 2nd period - Off-side.
8:09 of 2nd period - Jean-Gabriel Pageau wins face-off versus Casey Cizikas in neutral zone.
8:39 of 2nd period - Shot by Frank Vatrano.
8:39 of 2nd period - Stopped by Marc-Andre Fleury without a rebound.
8:40 of 2nd period - Leon Draisaitl wins face-off versus Velyki Hospador in Riots zone.
8:41 of 2nd period - Shot by Ryan Nugent-Hopkins.
8:41 of 2nd period - Deflect By Leon Draisaitl.
8:41 of 2nd period - Stopped by Marc-Andre Fleury without a rebound.
8:42 of 2nd period - Leon Draisaitl wins face-off versus Velyki Hospador in Riots zone.
8:43 of 2nd period - Shot by Dave Hunt.
8:43 of 2nd period - Stopped by Marc-Andre Fleury without a rebound.
8:44 of 2nd period - Leon Draisaitl wins face-off versus Velyki Hospador in Riots zone.
9:01 of 2nd period - Shot by Brandon Hagel.
9:01 of 2nd period - Stopped by Stuart Skinner without a rebound.
9:02 of 2nd period - Max Domi wins face-off versus Jean-Gabriel Pageau in Chiefs zone.
9:02 of 2nd period - Drew Doughty is hit by Max Pacioretty and loses puck.
9:06 of 2nd period - Vincent Desharnais is hit by Jean-Gabriel Pageau and loses puck.
9:22 of 2nd period - Minor Penalty to Max Pacioretty for Hooking.
9:23 of 2nd period - Jean-Gabriel Pageau wins face-off versus Leon Draisaitl in Riots zone.
10:24 of 2nd period - Off-side.
10:25 of 2nd period - Velyki Hospador wins face-off versus Leon Draisaitl in neutral zone.
10:42 of 2nd period - Shot by Ryan Nugent-Hopkins.
10:42 of 2nd period - Stopped by Marc-Andre Fleury without a rebound.
10:43 of 2nd period - Reilly Smith wins face-off versus Velyki Hospador in Riots zone.
11:42 of 2nd period - Kirby Dach is hit by Ivan Provorov and loses puck.
11:50 of 2nd period - Icing by Jake Muzzin.
11:51 of 2nd period - Jean-Gabriel Pageau wins face-off versus Reilly Smith in Chiefs zone.
12:15 of 2nd period - Shot by Leon Draisaitl.
12:15 of 2nd period - Shot Misses the Net.
12:19 of 2nd period - Shot by Leon Draisaitl.
12:19 of 2nd period - Stopped by Marc-Andre Fleury without a rebound.
12:20 of 2nd period - Velyki Hospador wins face-off versus Max Domi in Riots zone.
12:29 of 2nd period - Shot by Velyki Hospador.
12:29 of 2nd period - Stopped by Stuart Skinner with a rebound.
12:37 of 2nd period - Shot by Velyki Hospador.
12:37 of 2nd period - Stopped by Stuart Skinner with a rebound.
12:39 of 2nd period - Shot by Seth Jones.
12:39 of 2nd period - Stopped by Stuart Skinner without a rebound.
12:40 of 2nd period - Kirby Dach wins face-off versus Leon Draisaitl in Chiefs zone.
12:53 of 2nd period - Shot by Ryan Nugent-Hopkins.
12:53 of 2nd period - Shot Blocked by Brayden McNabb.
13:05 of 2nd period - Shot by Ryan Nugent-Hopkins.
13:05 of 2nd period - Stopped by Marc-Andre Fleury without a rebound.
13:06 of 2nd period - Brandon Hagel wins face-off versus Max Domi in Riots zone.
13:26 of 2nd period - Shot by Velyki Hospador.
13:26 of 2nd period - Stopped by Stuart Skinner without a rebound.
13:27 of 2nd period - Jean-Gabriel Pageau wins face-off versus Leon Draisaitl in Chiefs zone.
13:59 of 2nd period - Dave Hunt is hit by Jean-Gabriel Pageau and loses puck.
14:06 of 2nd period - Shot by Jean-Gabriel Pageau.
14:06 of 2nd period - Stopped by Stuart Skinner with a rebound.
14:30 of 2nd period - Shot by Max Domi.
14:30 of 2nd period - Stopped by Marc-Andre Fleury without a rebound.
14:31 of 2nd period - Kirby Dach wins face-off versus Brad Marchand in Riots zone.
14:35 of 2nd period - Artturi Lehkonen is hit by Jake DeBrusk and loses puck.
15:01 of 2nd period - Icing by Brayden McNabb.
15:02 of 2nd period - Casey Cizikas wins face-off versus Kirby Dach in Riots zone.
15:13 of 2nd period - Shot by Frank Vatrano.
15:13 of 2nd period - Stopped by Marc-Andre Fleury without a rebound.
15:14 of 2nd period - Leon Draisaitl wins face-off versus Velyki Hospador in Riots zone.
15:34 of 2nd period - Icing by Seth Jones.
15:35 of 2nd period - Casey Cizikas wins face-off versus Velyki Hospador in Riots zone.
15:36 of 2nd period - Shot by Reilly Smith.
15:36 of 2nd period - Stopped by Marc-Andre Fleury without a rebound.
15:37 of 2nd period - Casey Cizikas wins face-off versus Jean-Gabriel Pageau in Riots zone.
15:37 of 2nd period - Marc-Edouard Vlasic is hit by Jakob Chychrun.
15:44 of 2nd period - Andreas Athanasiou is hit by Ivan Provorov and loses puck.
16:45 of 2nd period - Shot by Velyki Hospador.
16:45 of 2nd period - Shot Misses the Net.
16:51 of 2nd period - Shot by Seth Jones.
16:51 of 2nd period - Shot Misses the Net.
17:45 of 2nd period - Icing by Artturi Lehkonen.
17:46 of 2nd period - Kirby Dach wins face-off versus Ryan Nugent-Hopkins in Riots zone.
17:46 of 2nd period - Kirby Dach is hit by Dave Hunt.
18:20 of 2nd period - Shot by Ryan Nugent-Hopkins.
18:20 of 2nd period - Shot Misses the Net.
18:22 of 2nd period - Shot by Vincent Desharnais.
18:22 of 2nd period - Shot Misses the Net.
18:24 of 2nd period - Shot by Ryan Nugent-Hopkins.
18:24 of 2nd period - Shot Blocked by Brayden McNabb.
18:45 of 2nd period - Anders Lee is hit by Jake DeBrusk and loses puck.
19:37 of 2nd period - Shot by Jordan Eberle.
19:37 of 2nd period - Stopped by Marc-Andre Fleury without a rebound.
19:38 of 2nd period - Leon Draisaitl wins face-off versus Velyki Hospador in Riots zone.
19:45 of 2nd period - Shot by Ryan Nugent-Hopkins.
19:45 of 2nd period - Shot Misses the Net.
19:55 of 2nd period - Shot by Ryan Nugent-Hopkins.
19:55 of 2nd period - Shot Blocked by Seth Jones.
19:57 of 2nd period - Shot by Miro Heiskanen.
19:57 of 2nd period - Shot Blocked by Derek Forbort.
Goals for this period are 1 for Riots vs 1 for Chiefs.
Shots for this period are 10 for Riots vs 18 for Chiefs.

3rd period


0:01 of 3rd period - Lars Eller wins face-off versus Leon Draisaitl in neutral zone.
0:24 of 3rd period - Shot by Dave Hunt.
0:24 of 3rd period - Shot Blocked by Derek Forbort.
0:26 of 3rd period - Shot by Marc-Edouard Vlasic.
0:26 of 3rd period - Stopped by Marc-Andre Fleury without a rebound.
0:27 of 3rd period - Jean-Gabriel Pageau wins face-off versus Max Domi in Riots zone.
0:51 of 3rd period - Shot by Andreas Athanasiou.
0:51 of 3rd period - Stopped by Stuart Skinner without a rebound.
0:52 of 3rd period - Leon Draisaitl wins face-off versus Cole Caufield in Chiefs zone.
1:01 of 3rd period - Shot by Miro Heiskanen.
1:01 of 3rd period - Stopped by Marc-Andre Fleury with a rebound.
1:03 of 3rd period - Shot by Dave Hunt.
1:03 of 3rd period - Stopped by Marc-Andre Fleury without a rebound.
1:04 of 3rd period - Casey Cizikas wins face-off versus Kirby Dach in Riots zone.
1:10 of 3rd period - Reilly Smith is hit by Arber Xhekaj and loses puck.
1:29 of 3rd period - Shot by Kirby Dach.
1:29 of 3rd period - Shot Misses the Net.
1:41 of 3rd period - Icing by Seth Jones.
1:42 of 3rd period - Leon Draisaitl wins face-off versus Kirby Dach in Riots zone.
1:42 of 3rd period - Minor Penalty to Arber Xhekaj for Holding.
1:43 of 3rd period - Leon Draisaitl wins face-off versus Jean-Gabriel Pageau in Riots zone.
1:54 of 3rd period - Shot by Leon Draisaitl.
1:54 of 3rd period - Stopped by Marc-Andre Fleury without a rebound.
1:55 of 3rd period - Leon Draisaitl wins face-off versus Jean-Gabriel Pageau in Riots zone.
2:06 of 3rd period - Shot by Ryan Nugent-Hopkins.
2:06 of 3rd period - Shot Misses the Net.
2:15 of 3rd period - Icing by Marc-Edouard Vlasic.
2:16 of 3rd period - Leon Draisaitl wins face-off versus Jean-Gabriel Pageau in Chiefs zone.
2:59 of 3rd period - Seth Jones is hit by Max Domi.
3:11 of 3rd period - Shot by Jake DeBrusk.
3:11 of 3rd period - Stopped by Marc-Andre Fleury with a rebound.
3:13 of 3rd period - Shot by Miro Heiskanen.
3:13 of 3rd period - Shot Misses the Net.
3:15 of 3rd period - Shot by Miro Heiskanen.
3:15 of 3rd period - Shot Misses the Net.
3:17 of 3rd period - Shot by Vincent Desharnais.
3:17 of 3rd period - Shot Misses the Net.
3:19 of 3rd period - Shot by Reilly Smith.
3:19 of 3rd period - Stopped by Marc-Andre Fleury without a rebound.
3:20 of 3rd period - Velyki Hospador wins face-off versus Ryan Nugent-Hopkins in Riots zone.
3:33 of 3rd period - Brayden McNabb is hit by Dave Hunt and loses puck.
4:38 of 3rd period - Icing by Drew Doughty.
4:39 of 3rd period - Jean-Gabriel Pageau wins face-off versus Max Domi in Chiefs zone.
5:06 of 3rd period - Jake DeBrusk is hit by Max Pacioretty and loses puck.
5:26 of 3rd period - Off-side.
5:27 of 3rd period - Artturi Lehkonen wins face-off versus Leon Draisaitl in neutral zone.
5:46 of 3rd period - Shot by Ryan Nugent-Hopkins.
5:46 of 3rd period - Stopped by Marc-Andre Fleury with a rebound.
5:48 of 3rd period - Shot by Dave Hunt.
5:48 of 3rd period - Stopped by Marc-Andre Fleury with a rebound.
5:59 of 3rd period - Jakob Chychrun is hit by Marc-Edouard Vlasic and loses puck.
6:03 of 3rd period - Icing by Marc-Edouard Vlasic.
6:04 of 3rd period - Leon Draisaitl wins face-off versus Velyki Hospador in Chiefs zone.
6:08 of 3rd period - Miro Heiskanen is hit by Arber Xhekaj.
6:17 of 3rd period - Leon Draisaitl is hit by Arber Xhekaj and loses puck.
6:34 of 3rd period - Shot by Cole Caufield.
6:34 of 3rd period - Shot Blocked by Jake Muzzin.
6:56 of 3rd period - Shot by Jean-Gabriel Pageau.
6:56 of 3rd period - Stopped by Stuart Skinner with a rebound.
7:16 of 3rd period - Shot by Noah Dobson.
7:16 of 3rd period - Shot Hit the Post.
7:52 of 3rd period - Shot by Artturi Lehkonen.
7:52 of 3rd period - Shot Misses the Net.
7:54 of 3rd period - Shot by Artturi Lehkonen.
7:54 of 3rd period - Shot Misses the Net.
8:45 of 3rd period - Icing by Jakob Chychrun.
8:46 of 3rd period - Leon Draisaitl wins face-off versus Kirby Dach in Riots zone.
8:51 of 3rd period - Shot by Dave Hunt.
8:51 of 3rd period - Stopped by Marc-Andre Fleury without a rebound.
8:52 of 3rd period - Velyki Hospador wins face-off versus Leon Draisaitl in Riots zone.
9:01 of 3rd period - Leon Draisaitl is hit by Derek Forbort and loses puck.
9:10 of 3rd period - Shot by Dave Hunt.
9:10 of 3rd period - Shot Blocked by Seth Jones.
9:12 of 3rd period - Shot by Ryan Nugent-Hopkins.
9:12 of 3rd period - Stopped by Marc-Andre Fleury with a rebound.
9:14 of 3rd period - Shot by Vincent Desharnais.
9:14 of 3rd period - Stopped by Marc-Andre Fleury with a rebound.
9:16 of 3rd period - Shot by Leon Draisaitl.
9:16 of 3rd period - Shot Blocked by Seth Jones.
9:21 of 3rd period - Leon Draisaitl is hit by Derek Forbort and loses puck.
9:38 of 3rd period - Icing by Max Domi.
9:39 of 3rd period - Jean-Gabriel Pageau wins face-off versus Max Domi in Chiefs zone.
9:48 of 3rd period - Shot by Brad Marchand.
9:48 of 3rd period - Deflect By Max Domi.
9:48 of 3rd period - Shot Blocked by Noah Dobson.
10:27 of 3rd period - Off-side.
10:28 of 3rd period - Lars Eller wins face-off versus Frank Vatrano in neutral zone.
11:26 of 3rd period - Icing by Rasmus Ristolainen.
11:27 of 3rd period - Leon Draisaitl wins face-off versus Kirby Dach in Riots zone.
11:40 of 3rd period - Shot by Jordan Eberle.
11:40 of 3rd period - Shot Misses the Net.
11:45 of 3rd period - Off-side.
11:46 of 3rd period - Max Domi wins face-off versus Jean-Gabriel Pageau in neutral zone.
12:07 of 3rd period - Shot by Brad Marchand.
12:07 of 3rd period - Deflect By Jake DeBrusk.
12:07 of 3rd period - Stopped by Marc-Andre Fleury without a rebound.
12:08 of 3rd period - Leon Draisaitl wins face-off versus Kirby Dach in Riots zone.
12:46 of 3rd period - Icing by Rasmus Ristolainen.
12:47 of 3rd period - Max Domi wins face-off versus Kirby Dach in Riots zone.
12:47 of 3rd period - Max Domi is hit by Jakob Chychrun.
12:57 of 3rd period - Shot by Max Domi.
12:57 of 3rd period - Shot Misses the Net.
12:59 of 3rd period - Shot by Jake DeBrusk.
12:59 of 3rd period - Shot Blocked by Jakob Chychrun.
13:27 of 3rd period - Brad Marchand is hit by Velyki Hospador and loses puck.
13:37 of 3rd period - Jake DeBrusk is hit by Derek Forbort and loses puck.
13:45 of 3rd period - Icing by Seth Jones.
13:46 of 3rd period - Leon Draisaitl wins face-off versus Velyki Hospador in Riots zone.
13:46 of 3rd period - Drew Doughty is hit by Seth Jones and loses puck.
13:50 of 3rd period - Icing by Derek Forbort.
13:51 of 3rd period - Leon Draisaitl wins face-off versus Velyki Hospador in Riots zone.
13:51 of 3rd period - Leon Draisaitl is hit by Seth Jones.
13:53 of 3rd period - Shot by Dave Hunt.
13:53 of 3rd period - Stopped by Marc-Andre Fleury without a rebound.
13:54 of 3rd period - Leon Draisaitl wins face-off versus Jean-Gabriel Pageau in Riots zone.
13:55 of 3rd period - Shot by Ryan Nugent-Hopkins.
13:55 of 3rd period - Shot Misses the Net.
13:57 of 3rd period - Shot by Dave Hunt.
13:57 of 3rd period - Stopped by Marc-Andre Fleury with a rebound.
14:07 of 3rd period - Vincent Desharnais is hit by Max Pacioretty.
15:24 of 3rd period - Icing by Brad Marchand.
15:25 of 3rd period - Artturi Lehkonen wins face-off versus Max Domi in Chiefs zone.
15:32 of 3rd period - Shot by Kirby Dach.
15:32 of 3rd period - Shot Misses the Net.
15:37 of 3rd period - Icing by Brad Marchand.
15:38 of 3rd period - Max Domi wins face-off versus Lars Eller in Chiefs zone.
15:53 of 3rd period - Shot by Velyki Hospador.
15:53 of 3rd period - Stopped by Stuart Skinner without a rebound.
15:54 of 3rd period - Casey Cizikas wins face-off versus Kirby Dach in Chiefs zone.
16:28 of 3rd period - Icing by Jakob Chychrun.
16:29 of 3rd period - Kirby Dach wins face-off versus Leon Draisaitl in Riots zone.
17:26 of 3rd period - Shot by Cole Caufield.
17:26 of 3rd period - Stopped by Stuart Skinner without a rebound.
17:27 of 3rd period - Jean-Gabriel Pageau wins face-off versus Max Domi in Chiefs zone.
17:56 of 3rd period - Shot by Jean-Gabriel Pageau.
17:56 of 3rd period - Stopped by Stuart Skinner without a rebound.
17:57 of 3rd period - Casey Cizikas wins face-off versus Lars Eller in Chiefs zone.
17:57 of 3rd period - Casey Cizikas is hit by Lars Eller.
18:00 of 3rd period - Reilly Smith is hit by Velyki Hospador and loses puck.
18:22 of 3rd period - Minor Penalty to Seth Jones for Holding.
18:23 of 3rd period - Jean-Gabriel Pageau wins face-off versus Leon Draisaitl in Riots zone.
18:29 of 3rd period - Icing by Ivan Provorov.
18:30 of 3rd period - Leon Draisaitl wins face-off versus Artturi Lehkonen in Chiefs zone.
18:37 of 3rd period - Chiefs, Stuart Skinner is pulled from the net.
18:37 of 3rd period - Shot by Leon Draisaitl.
18:37 of 3rd period - Deflect By Ryan Nugent-Hopkins.
18:37 of 3rd period - Stopped by Marc-Andre Fleury without a rebound.
18:38 of 3rd period - Jean-Gabriel Pageau wins face-off versus Leon Draisaitl in Riots zone.
19:15 of 3rd period - Shot by Ryan Nugent-Hopkins.
19:15 of 3rd period - Stopped by Marc-Andre Fleury without a rebound.
19:16 of 3rd period - Ryan Nugent-Hopkins wins face-off versus Jean-Gabriel Pageau in Riots zone.
19:17 of 3rd period - Shot by Jake DeBrusk.
19:17 of 3rd period - Stopped by Marc-Andre Fleury without a rebound.
19:18 of 3rd period - Jean-Gabriel Pageau wins face-off versus Ryan Nugent-Hopkins in Riots zone.
19:31 of 3rd period - Shot by Leon Draisaitl.
19:31 of 3rd period - Shot Misses the Net.
19:33 of 3rd period - Shot by Jake DeBrusk.
19:33 of 3rd period - Shot Misses the Net.
19:35 of 3rd period - Shot by Marc-Edouard Vlasic.
19:35 of 3rd period - Stopped by Marc-Andre Fleury with a rebound.
19:47 of 3rd period - Shot by Leon Draisaitl.
19:47 of 3rd period - Shot Blocked by Brayden McNabb.
Goals for this period are 0 for Riots vs 0 for Chiefs.
Shots for this period are 5 for Riots vs 18 for Chiefs.